 Dungeon Crawl Stone Soup version 0.32-a0-433-g08bcfe7efd (webtiles) character file.

Game seed: 10033251499851157469

5079 Bravepunisher the Nimble (level 10, -3/53 HPs)
             Began as a Spriggan Shapeshifter on Feb 22, 2024.
             Was an Elder of Makhleb.
             Slain by a centaur warrior (14 damage)
             ... on level 10 of the Dungeon.
             The game lasted 00:31:02 (8292 turns).

Bravepunisher the Nimble (Spriggan Shapeshifter)    Turns: 8292, Time: 00:31:03

Health: -3/53      AC:  2    Str:  9 (10) XL:     10   Next: 31%
Magic:  18/18      EV: 29    Int: 11 (12) God:    Makhleb [****..]
Gold:   507        SH:  0    Dex: 18 (19) Spells: 9/9 levels left

rFire   + . .        t - +2 dagger (venom)
rCold   + . .        (no shield)
rNeg    + . .        a - +0 animal skin
rPois   +            (helmet currently unavailable)
rElec   +            A - melded +2 cloak
rCorr   +            (gloves unavailable)
SInv    +            (boots unavailable)
Will    +....        (no amulet)
Stlth   ++           v - +5 ring of evasion
HPRegen 0.28/turn    y - ring of positive energy
MPRegen 0.16/turn

%: no passive effects
@: mighty, beast-form, resistant, attractive, very quick
A: beast (slay +4), very small, no large weapons, unfitting armour, see
invisible, speed 3
a: Begin Untransformation, Renounce Religion, Minor Destruction, Lesser Servant
of Makhleb, Major Destruction


You were on level 10 of the Dungeon.
You worshipped Makhleb.
Makhleb was greatly pleased with you.
You were a hulking beast.
You visited 2 branches of the dungeon, and saw 11 of its levels.

You collected 558 gold pieces.
You spent 51 gold pieces at shops.

Inventory:

Hand Weapons
 t - a +2 dagger of venom (weapon)
Missiles
 h - 4 curare-tipped darts (quivered)
Armour
 a - a +0 animal skin (worn)
 A - a +2 cloak (melded)
Jewellery
 v - a +5 ring of evasion (left hand)
 y - a ring of positive energy (right hand)
Talismans
 c - a beast talisman (active)
 d - a flux talisman
 C - a maw talisman
Wands
 D - a wand of paralysis (2)
 F - a wand of flame (2)
 G - a wand of acid (3)
 K - a wand of roots (13)
Scrolls
 e - a scroll of amnesia {unknown}
 g - 2 scrolls of fear {unknown}
 k - 6 scrolls of teleportation
 l - a scroll of revelation {unknown}
 o - a scroll of silence {unknown}
 q - 11 scrolls of identify {unknown}
 s - 2 scrolls of enchant weapon {unknown}
 u - 3 scrolls of enchant armour {unknown}
 w - 2 scrolls of immolation {unknown}
 x - a scroll of poison {unknown}
 H - a scroll of blinking {unknown}
 J - a scroll of brand weapon {unknown}
 L - a scroll of vulnerability {unknown}
 M - a scroll of noise {unknown}
 N - a scroll of torment {unknown}
 O - a scroll of fog {unknown}
Potions
 b - a potion of lignification
 f - 2 potions of attraction
 i - 2 potions of might
 j - a potion of invisibility
 m - a potion of haste {unknown}
 n - a potion of magic {unknown}
 p - a potion of degeneration
 r - 2 potions of mutation {unknown}
 z - 3 potions of ambrosia
 B - a potion of curing
 E - a potion of resistance
 I - a potion of enlightenment {unknown}


   Skills:
 + Level 5.9 Fighting
 - Level 5.1 Short Blades
 + Level 9.6 Dodging
 - Level 2.4 Unarmed Combat
 * Level 9.4 Invocations
 - Level 7.0 Shapeshifting


You had 9 spell levels left.
You didn't know any spells.
Your spell library contained the following spells:

 Spells                   Type           Power      Damage    Failure   Level
 Apportation              Tloc           0%         N/A       34%         1
 Kiss of Death            Conj/Necr      0%         2d5       34%         1
 Cigotuvi's Dreadful Rot  Necr/Alch/Air  0%         N/A       47%         2
 Jinxbite                 Hex            0%         N/A       47%         2
 Fugue of the Fallen      Necr           0%         N/A       71%         3
 Ozocubu's Armour         Ice            0%         N/A       71%         3
 Volatile Blastmotes      Fire/Tloc      0%         2d10      71%         3
 Ignite Poison            Fire/Alch      0%         N/A       98%         4
 Manifold Assault         Tloc           0%         N/A       98%         4
 Alistair's Intoxication  Alch           0%         N/A       100%        5
 Freezing Cloud           Conj/Ice/Air   0%         6-21      100%        5
 Death's Door             Necr           0%         N/A       100%        9


Dungeon Overview and Level Annotations

Branches:
Dungeon (10/15)            Temple (1/1) D:4
   Lair: D:8-11         Orc: D:9-12

Altars:
Ashenzari
Cheibriados
Dithmenos
Elyvilon
Fedhas
Gozag
Hepliaklqana
Kikubaaqudgha
Makhleb
Nemelex Xobeh
Okawaru
Qazlal
Ru
Sif Muna
Trog
Uskayaw
Vehumet
Wu Jian
Xom
Yredelemnul
Zin
The Shining One

Shops:
D:9 ?


Innate Abilities, Weirdness & Mutations

You are a hulking beast.
Your limbs bulge with bestial killing power. (Slay +4)
You are very small and have problems with some larger weapons.
You are too small for most types of armour.
You have supernaturally acute eyesight. (SInv)
You cover ground extremely quickly. (Speed+++)


Message History

You are confused.
You feel invigorated.
The centaur warrior shoots an arrow.
The arrow hits your neqoxec!
Your neqoxec hits the centaur warrior!
Okay, then.
Okay, then.
It was a potion of attraction.
You feel attractive to monsters.
The centaur warrior shoots an arrow.
The arrow closely misses your neqoxec. The arrow hits you!
* * * LOW HITPOINT WARNING * * *
The centaur warrior shoots an arrow.
The arrow hits your neqoxec!!
Your neqoxec dies!
Your neqoxec disappears in a puff of smoke!
The centaur warrior is attracted toward you.
It was a potion of might.
You feel very mighty all of a sudden.
The centaur warrior unwields a +0 orcbow.
The centaur warrior closely misses you.
The centaur warrior completely misses you.
It was a potion of resistance.
You feel protected. The centaur warrior hits you!
* * * LOW HITPOINT WARNING * * *
The centaur warrior completely misses you.
The centaur warrior hits you.
* * * LOW HITPOINT WARNING * * *
The centaur warrior misses you.
It was a potion of degeneration.
There was something very wrong with that liquid.
You feel weakened.
You feel dopey.
You feel clumsy.
You feel less invigorated.
You feel less confused. The centaur warrior hits you!
* * * LOW HITPOINT WARNING * * *
The centaur warrior kicks you but does no damage.
It was a potion of curing.
You feel better.
The centaur warrior hits you but does no damage.
The centaur warrior completely misses you.
The centaur warrior hits you!
You die...

### ##.##
###...# ##
##.#<.### #..
#...#...#####...
#...............
#.......##......
##..#...#..##...
#..h#..........
##.c#.........#
#....c.......#
#.............#
##..†..!.......
#..........[..
##..$.........
##...........
##..#.......


You could see a centaur warrior.

Vanquished Creatures
  A two-headed ogre (D:7)
  An ugly thing (D:9)
  A hornet (D:9)
  2 wyverns
  A shadow (D:8)
  4 yaks
  A steam dragon (D:7)
  Menkaure (D:7)
  2 water moccasins
  2 ice beasts
  An orc warrior (D:7)
  2 ogres (D:5)
  2 black bears
  A centaur (D:6)
  A phantom (D:5)
  A kobold brigand (D:9)
  2 bullfrogs (D:8)
  A gnoll sergeant (D:9)
  4 scorpions
  5 wights (D:6)
  3 howler monkeys
  2 bombardier beetles
  A jelly (D:7)
  7 orc priests
  2 hounds (D:6)
  3 iguanas
  3 orc wizards
  5 gnolls
  7 adders
  A white imp (D:5)
  4 ufetubi
  7 dart slugs
  A ribbon worm (D:2)
  10 orcs
  2 ball pythons (D:4)
  6 bats
  11 endoplasms
  3 giant cockroaches
  8 hobgoblins
  12 jackals
  12 kobolds
  3 quokkas
  3 frilled lizards
  4 goblins
  5 rats
161 creatures vanquished.

Notes
Turn   | Place    | Note
-------+----------+-------------------------------------------
     0 | D:1      | Bravepunisher the Spriggan Shapeshifter began the quest for
                  | the Orb.
     0 | D:1      | Reached XP level 1. HP: 9/9 MP: 2/2
   150 | D:5      | Entered Level 5 of the Dungeon
   179 | D:4      | Found a staircase to the Ecumenical Temple.
   181 | D:4      | Noticed a phantom
   186 | Temple   | Entered the Ecumenical Temple
   193 | Temple   | Became a worshipper of Makhleb the Destroyer
   313 | D:1      | Reached skill level 1 in Fighting
   572 | D:1      | Reached XP level 2. HP: 14/14 MP: 3/3
   887 | D:1      | Reached XP level 3. HP: 16/18 MP: 4/4
   900 | D:1      | Reached skill level 1 in Invocations
   982 | D:1      | Found a faded altar of an unknown god.
  1050 | D:2      | Reached * piety under Makhleb
  1365 | D:2      | Reached skill level 5 in Shapeshifting
  1394 | D:2      | Reached XP level 4. HP: 16/22 MP: 4/6
  1958 | D:2      | Reached ** piety under Makhleb
  2517 | D:4      | Reached XP level 5. HP: 24/26 MP: 7/7
  2536 | D:4      | Reached skill level 1 in Short Blades
  2776 | D:4      | Noticed a black bear
  2795 | D:4      | Killed a black bear
  2796 | D:4      | Reached XP level 6. HP: 30/30 MP: 8/8
  3378 | D:5      | Reached XP level 7. HP: 32/35 MP: 8/10
  3431 | D:5      | Found a broken altar of Ashenzari.
  3443 | D:5      | Reached skill level 5 in Dodging
  3447 | D:5      | Found a glowing golden altar of the Shining One.
  3970 | D:6      | Found a shimmering altar of Xom.
  3971 | D:6      | Found a hide-covered altar of Uskayaw.
  3983 | D:6      | Identified the +0 robe of Abbapn {rC- Int+2 Archmagi}
  4001 | D:6      | Reached XP level 8. HP: 39/40 MP: 12/12
  4245 | D:6      | Reached *** piety under Makhleb
  4394 | D:6      | Reached skill level 5 in Invocations
  5041 | D:7      | You fall into a shaft and drop 3 floors!
  5041 | D:10     | Entered Level 10 of the Dungeon
  5065 | D:9      | Noticed a cyclops
  5065 | D:9      | Found Ucsidghiwn's Magic Scroll Boutique.
  5084 | D:9      | Noticed a hornet
  5089 | D:9      | Killed a hornet
  5090 | D:9      | Reached skill level 5 in Short Blades
  5090 | D:9      | Reached XP level 9. HP: 45/45 MP: 14/14
  5150 | D:9      | Bought a scroll of teleportation for 51 gold pieces
  5407 | D:7      | Noticed Menkaure
  5412 | D:7      | Killed Menkaure
  5538 | D:7      | Found a flagged portal.
  5844 | D:7      | Noticed a two-headed ogre
  5865 | D:7      | Killed a two-headed ogre
  5866 | D:7      | Reached skill level 5 in Fighting
  6265 | D:8      | Got the Papyrus of Twisted Mortification
  6893 | D:9      | Reached XP level 10. HP: 49/51 MP: 17/17
  7029 | D:9      | Reached **** piety under Makhleb
  7271 | D:9      | Noticed a green ugly thing
  7690 | D:9      | Killed a green ugly thing
  8275 | D:10     | Noticed a centaur warrior
  8292 | D:10     | Slain by a centaur warrior

Illustrated notes

Levels and vault maps discovered:
D:1:      matt_arrival_grand_opening, layout_basic,
          dilly_ecumenical_altar_fadedgnrine, moated_statue, st_stairs_1
D:2:      layout_basic, minmay_misc_feat_tower, minmay_pentomino_o2
D:3:      layout_rooms
D:4:      layout_basic, minmay_temple_entry_junction_2, hangedman_feature_mirror
D:5:      layout_loops_ring, jmf_multi_god_temple2
D:6:      layout_loops_cross, chequers_temple_overflow_statue_of_worship
D:7:      layout_basic, enter_bailey_2, uniq_menkaure
D:8:      layout_loops_ring
D:9:      layout_long_grid, serial_shops, nicolae_diamond_shop
D:10:     layout_cave_pools, grunt_lair_entry_orc_guard_hut, serial_shops, shop,
          roadster_capsule_ark_zombie
Temple:   nicolae_temple_no_exploring_needed

Skill      XL: |  1  2  3  4  5  6  7  8  9 10 |
---------------+-------------------------------+-----
Fighting       | 1 2 3 4 5 |  5.9
Dodging        | 3 4 5 7 9 |  9.6
Invocations    | 1 2 4 6 8 9 |  9.4
Shapeshifting  | 5 6 7 |  7.0
Short Blades   | 1 2 3 5 |  5.1
Unarmed Combat | |  2.4

Action                     |  1- 3 |  4- 6 |  7- 9 | 10-12 || total
---------------------------+-------+-------+-------+-------++-------
  Melee: Unarmed           |   111 |    40 |       |       ||   151
         Punch             |     2 |       |       |       ||     2
         Dagger            |       |    46 |   141 |    45 ||   232
 Invoke: Minor Destruction |       |    60 |   114 |    63 ||   237
         Lesser Servant of |       |       |     1 |     1 ||     2
Ability: Begin Untransform |     1 |       |     1 |       ||     2
  Evoke: Wand              |       |       |    11 |    12 ||    23
    Use: Potion            |       |     1 |       |     6 ||     7
         Scroll            |       |       |     1 |       ||     1
   Stab: Sleeping          |       |     3 |     1 |       ||     4
         Invisible         |       |     3 |       |       ||     3
         Paralysed         |       |       |     3 |       ||     3
 Armour: Animal skin       |    32 |    27 |    15 |    18 ||    92
  Dodge: Dodged            |    74 |    63 |   124 |    50 ||   311
   Form: Beast             |     1 |       |     1 |       ||     2

Table legend: (Time is in decaauts)
 A = Elapsed time spent in this place.
 B = Non-inter-level travel time spent in this place.
 C = Inter-level travel time spent in this place.
 D = Time resting spent in this place.
 E = Time spent auto-exploring this place.
 F = Levels seen in this place.
 G = Mean time per level.
                   A        B        C        D        E       F      G
               +--------+--------+--------+--------+--------+-----+--------+
         Total |   5820 |   5479 |    341 |    243 |   3726 |  11 |  529.1 |
       Dungeon |   5810 |   5469 |    341 |    243 |   3726 |  10 |  581.0 |
        Temple |      9 |      9 |      0 |      0 |      0 |   1 |    9.0 |
               +--------+--------+--------+--------+--------+-----+--------+

Top non-repeatable levels by time:
     D:9: 950 daAuts
     D:7: 879 daAuts
     D:2: 703 daAuts
     D:5: 661 daAuts
     D:8: 637 daAuts
     D:6: 563 daAuts
     D:1: 546 daAuts
     D:4: 491 daAuts
     D:3: 335 daAuts
    D:10: 41 daAuts
  Temple: 9 daAuts
